 Dungeon Crawl Stone Soup version 0.31-a0-931-g7b59d4eb97 (webtiles) character file.

Game seed: 12803061304541315846

2529 rvierbuc the Conjurer (level 9, -7/62 HPs)
             Began as a Demigod Conjurer on Oct 16, 2023.
             Mangled by a vampire (12 damage)
             ... on level 7 of the Dungeon on Oct 19, 2023.
             The game lasted 00:26:05 (7667 turns).

rvierbuc the Conjurer (Demigod Conjurer)            Turns: 7667, Time: 00:26:05

Health: -7/62      AC:  3    Str:  8    XL:     9   Next: 8%
Magic:  11/21      EV: 15    Int: 32    God:
Gold:   218        SH:  0    Dex: 18    Spells: 13/19 levels left

rFire   . . .        l - +3 dagger (drain)
rCold   . . .        (no shield)
rNeg    . . .        a - +0 robe
rPois   .            s - +0 helmet
rElec   .            (no cloak)
rCorr   .            (no gloves)
SInv    .            (no boots)
Will    +....        g - amulet of magic regeneration
Stlth   ++++         f - +6 ring of dexterity
HPRegen 0.30/turn    v - ring of willpower
MPRegen 0.57/turn

%: no passive effects
@: swift, very quick
A: high MP 1, forlorn, divine attributes
a: no special abilities


You were on level 7 of the Dungeon.
You visited 2 branches of the dungeon, and saw 8 of its levels.

You collected 218 gold pieces.

Inventory:

Hand Weapons
 i - a +0 spear
 l - a +3 dagger of draining (weapon)
 q - a +1 dagger of speed
 w - a +4 mace of protection
 x - a +4 falchion of freezing
 C - a +3 spear
Missiles
 h - 2 atropa-tipped darts
Armour
 a - a +0 robe (worn)
 s - a +0 helmet (worn)
Jewellery
 e - an amulet of guardian spirit
 f - a +6 ring of dexterity (left hand)
 g - an amulet of magic regeneration (around neck)
 n - a ring of protection from fire
 u - a ring of protection from fire
 v - a ring of willpower (right hand)
Talismans
 c - a blade talisman
Wands
 D - a wand of light (6)
Scrolls
 d - 3 scrolls of fog
 j - a scroll of identify
 o - a scroll of immolation {unknown}
 p - 2 scrolls of revelation {unknown}
 r - 2 scrolls of teleportation {unknown}
 y - a scroll of silence {unknown}
 B - 2 scrolls of amnesia {unknown}
 E - a scroll of fear {unknown}
Potions
 b - 4 potions of magic
 k - a potion of haste
 m - 4 potions of might
 t - 5 potions of curing
 z - a potion of heal wounds
 A - a potion of cancellation


   Skills:
 + Level 6.0 Dodging
 + Level 6.5 Stealth
 + Level 5.5 Spellcasting
 + Level 6.8 Conjurations


You had 13 spell levels left.
You knew the following spells:

 Your Spells              Type           Power      Damage    Failure   Level
a - Magic Dart            Conj           100%       1d8       1%          1
b - Searing Ray           Conj           100%       2d8       1%          2
c - Swiftness             Air            8%         N/A       14%         3

Your spell library contained the following spells:

 Spells                   Type           Power      Damage    Failure   Level
 Dazzling Flash           Conj/Hex       60%        N/A       3%          3
 Hailstorm                Conj/Ice       30%        3d8       3%          3
 Apportation              Tloc           16%        N/A       4%          1
 Freeze                   Ice            32%        1d5       4%          1
 Necrotise                Necr           32%        1d5       4%          1
 Summon Small Mammal      Summ           32%        N/A       4%          1
 Ensorcelled Hibernation  Hex/Ice        16%        N/A       8%          2
 Lesser Beckoning         Tloc           16%        N/A       8%          2
 Passwall                 Tmut/Erth      6%         N/A       8%          2
 Fulminant Prism          Conj/Hex       15%        3d10      12%         4
 Iskenderun's Mystic Bla  Conj/Tloc      30%        2d8       12%         4
 Frozen Ramparts          Ice            16%        1d3       14%         3
 Gell's Gravitas          Tloc           8%         N/A       14%         3
 Teleport Other           Tloc           8%         N/A       14%         3
 Agony                    Necr           8%         N/A       80%         5
 Silence                  Hex/Air        4%         N/A       80%         5


Dungeon Overview and Level Annotations

Branches:
Dungeon (7/15)             Temple (1/1) D:7

Shops:
D:4 ![(   D:5 !   D:7 :

Annotations:
D:7 1 runed translucent door, Crazy Yiuf
Temple 2 transporters


Innate Abilities, Weirdness & Mutations

You have an increased reservoir of magic. (+10% MP)
You shall have no god before yourself.
Your divine heritage dramatically boosts your attributes as you level up.


Message History

Press: ? - help, Shift-Dir - straight line, f/p - vampire
Aim: a vampire (severely damaged, 83% to hit)
The searing ray hits the vampire.
The vampire is severely damaged. (Press . to maintain the ray.)
The vampire hits you. The vampire barely misses you.
The searing ray hits the vampire but does no damage.
The vampire is severely damaged.
The vampire gestures wildly while chanting.
The vampire flickers and vanishes!
Deactivating autopickup; reactivate with Ctrl-A.
The searing ray hits something.
Something barely misses you. Something bites you.
Something draws strength from your injuries!
The searing ray hits something but does no damage.
You finish channelling your searing ray.
Something draws life force from you!
Casting: Searing Ray (safe; 1% risk of failure)
Confirm with . or Enter, or press ? or * to list all spells.
Aiming: Searing Ray (safe; 1% risk of failure)
Press: ? - help, Shift-Dir - straight line, f - you
Okay, then.
Casting: Searing Ray (safe; 1% risk of failure)
Confirm with . or Enter, or press ? or * to list all spells.
Aiming: Searing Ray (safe; 1% risk of failure)
Press: ? - help, Shift-Dir - straight line The searing ray hits something! (Press . to maintain the ray.)
Something barely misses you. Something bites you!
* * * LOW HITPOINT WARNING * * *
Something draws strength from your injuries!
Casting: Searing Ray (safe; 1% risk of failure)
Confirm with . or Enter, or press ? or * to list all spells.
You feel quick. Something hits you!
* * * LOW HITPOINT WARNING * * *
Something bites you but does no damage. Something hits you.
* * * LOW HITPOINT WARNING * * *
Something bites you!
You die...

~≈≈≈≈# #.###..##.#.#####.
.≈≈≈##
###.###.......#####.
.....
............>.......
..!...
###.###...[...###.## #.#
#.......# #.# #.#
#.......# #.# #.#
#......## #.#
#.####....## #.#
#.####@........# #.#
#....{....#(..######.##
....#######.##..........#
. #.......#####..#
#..###..#####... #..#
#........##
#..###..####### #.......#
#.#####.#


There were no monsters in sight!

Vanquished Creatures
  Grinder (D:5)
  Sigmund (D:2)
  A steam dragon (D:7)
  An orc warrior (D:7)
  A black bear (D:4)
  2 sky beasts (D:6)
  2 ogres (D:5)
  A centaur (D:7)
  A bullfrog (D:7)
  A scorpion (D:6)
  7 wights
  5 killer bees (D:7)
  2 jellies
  A hound (D:3)
  3 orc priests
  Jessica (D:2)
  Natasha (thrice) (D:2)
  5 orc wizards
  3 iguanas
  8 adders
  8 gnolls
  A shadow imp (D:6)
  A white imp (D:6)
  2 worms
  A dart slug (D:2)
  18 orcs
  6 ball pythons
  6 endoplasms
  2 giant cockroaches
  5 hobgoblins
  7 kobolds
  2 quokkas
  5 bats
  3 frilled lizards
  6 goblins
123 creatures vanquished.

Notes
Turn   | Place    | Note
-------+----------+-------------------------------------------
     0 | D:1      | rvierbuc the Demigod Conjurer began the quest for the Orb.
     0 | D:1      | Reached XP level 1. HP: 14/14 MP: 5/5
   514 | D:1      | Reached XP level 2. HP: 20/20 MP: 2/7
   851 | D:2      | Noticed Natasha
   854 | D:2      | Noticed Jessica
   937 | D:1      | Learned a level 2 spell: Searing Ray
   941 | D:2      | Killed Natasha
   942 | D:2      | Reached XP level 3. HP: 26/26 MP: 3/8
  1008 | D:2      | Killed Jessica
  1305 | D:2      | Noticed Sigmund
  1313 | D:2      | Killed Sigmund
  1314 | D:2      | Reached XP level 4. HP: 20/33 MP: 1/11
  1314 | D:2      | Reached XP level 5. HP: 24/38 MP: 1/12
  1792 | D:2      | Noticed Natasha
  1797 | D:2      | Killed Natasha
  2017 | D:2      | Noticed Natasha
  2025 | D:2      | Killed Natasha
  2480 | D:3      | Reached XP level 6. HP: 16/45 MP: 6/13
  3343 | D:4      | Found Moecenim's Armour Emporium.
  3353 | D:4      | Found Puaxzion's Weapon Emporium.
  3355 | D:4      | Found Tapsil's Distillery.
  3597 | D:4      | Reached skill level 5 in Conjurations
  3867 | D:5      | Entered Level 5 of the Dungeon
  3902 | D:5      | Reached XP level 7. HP: 32/50 MP: 10/15
  4128 | D:5      | Found Ewoe's Distillery.
  4204 | D:5      | Noticed Grinder
  4216 | D:5      | Killed Grinder
  4217 | D:5      | Reached skill level 5 in Stealth
  5418 | D:6      | Reached XP level 8. HP: 57/57 MP: 13/18
  5438 | D:6      | Reached skill level 5 in Dodging
  5447 | D:6      | Learned a level 3 spell: Swiftness
  6375 | D:6      | Reached skill level 5 in Spellcasting
  6583 | D:7      | Upgraded the game from 0.31-a0-889-g1a8549509d to
                  | 0.31-a0-931-g7b59d4eb97
  6784 | D:7      | Found a staircase to the Ecumenical Temple.
  6801 | Temple   | Found a transporter.
  6801 | Temple   | Found a transporter.
  6801 | Temple   | Found a transporter.
  6801 | Temple   | Found a transporter.
  6801 | Temple   | Entered the Ecumenical Temple
  7067 | D:7      | Found Qig Ukad's Book Emporium.
  7216 | D:7      | HP: 2/57 [something (10)]
  7217 | D:7      | Reached XP level 9. HP: 3/62 MP: 12/20
  7581 | D:7      | Found a runed translucent door.
  7582 | D:7      | Noticed Crazy Yiuf
  7667 | D:7      | Mangled by a vampire

Illustrated notes

Levels and vault maps discovered:
D:1:      minmay_arrival_hallway, layout_rooms, chequers_ecumenical_altar_simple
D:2:      layout_basic, kennysheep_cluttered_room, minivault_27,
          nrook_loot_triangle, uniq_sigmund, uniq_natasha, uniq_jessica
D:3:      layout_basic, mainiacjoe_overflow_small_starburst
D:4:      layout_cave_pools, nicolae_shop_distant_corner_stores
D:5:      layout_loops_ring, chequers_temple_overflow_statue_of_worship,
          grunt_qazlal_clouds, nicolae_inconvenience_store, uniq_grinder
D:6:      layout_loops_corners
D:7:      layout_loops_ring, minmay_temple_entry_glassed_door, serial_shops,
          nicolae_shop_waterfront, uniq_crazy_yiuf_cottage
Temple:   hellmonk_temple_divided_pantheon

Skill      XL: |  1  2  3  4  5  6  7  8  9 |
---------------+----------------------------+-----
Stealth        | 2 3 4 5 6 |  6.5
Dodging        | 2 3 4 5 6 |  6.0
Spellcasting   | 2 3 4 5 |  5.5
Conjurations   | 4 5 6 |  6.8

Action                     |  1- 3 |  4- 6 |  7- 9 || total
---------------------------+-------+-------+-------++-------
  Melee: Dagger            |       |     7 |    11 ||    18
   Cast: Magic Dart        |    45 |   105 |   107 ||   257
         Searing Ray       |     2 |     7 |    32 ||    41
         Swiftness         |       |       |     2 ||     2
    Use: Scroll            |       |       |     6 ||     6
         Potion            |       |       |     2 ||     2
 Armour: Robe              |     8 |    23 |    66 ||    97
  Dodge: Dodged            |     5 |    29 |    68 ||   102

Table legend: (Time is in decaauts)
 A = Elapsed time spent in this place.
 B = Non-inter-level travel time spent in this place.
 C = Inter-level travel time spent in this place.
 D = Time resting spent in this place.
 E = Time spent auto-exploring this place.
 F = Levels seen in this place.
 G = Mean time per level.
                   A        B        C        D        E       F      G
               +--------+--------+--------+--------+--------+-----+--------+
         Total |   7672 |   7100 |    572 |    720 |   5459 |   8 |  959.0 |
       Dungeon |   7609 |   7037 |    572 |    720 |   5433 |   7 | 1087.0 |
        Temple |     63 |     63 |      0 |      0 |     26 |   1 |   63.0 |
               +--------+--------+--------+--------+--------+-----+--------+

Top non-repeatable levels by time:
     D:2: 1414 daAuts
     D:5: 1273 daAuts
     D:3: 1148 daAuts
     D:6: 1146 daAuts
     D:7: 1075 daAuts
     D:4: 790 daAuts
     D:1: 759 daAuts
  Temple: 63 daAuts
